 Dungeon Crawl Stone Soup version 0.29-a0-520-gc852659d43 (webtiles) character file.

Game seed: 8164034916671592869

8435 croobank the Covert (level 11, -1/89 HPs)
             Began as a Gnoll Delver on May 29, 2022.
             Was a Priest of Sif Muna.
             Slain by a black mamba (6 damage)
             ... on level 2 of the Lair of Beasts on June 1, 2022.
             The game lasted 01:06:39 (13466 turns).

croobank the Covert (Gnoll Delver)                 Turns: 13466, Time: 01:06:44

Health: -1/89      AC: 10    Str: 16    XL:     11   Next: 30%
Magic:  20/20      EV: 14    Int: 21    God:    Sif Muna [***...]
Gold:   731        SH:  0    Dex: 13    Spells: 0/22 levels left

rFire   . . .      SeeInvis .   a - +8 broad axe "Xiafiymi" {vorpal, Int+4}
rCold   . . .      Faith    .   (no shield)
rNeg    + . .      Spirit   .   e - +0 ring mail
rPois   .          Reflect  .   (no helmet)
rElec   .          Harm     .   r - +1 cloak {Stlth+}
rCorr   .          Rampage  +   (no gloves)
Will    .....                   y - +1 pair of boots
Stlth   +++++.....              v - amulet of Giogaj {RegenMP Rampage Will- Str+4 Int+3}
HPRegen 0.24/turn               p - ring of positive energy
MPRegen 0.57/turn               x - ring of flight

@: flying
A: fangs 1, strong nose, distributed training
a: Renounce Religion, Channel Magic, Forget Spell


You were on level 2 of the Lair of Beasts.
You worshipped Sif Muna.
Sif Muna was most pleased with you.
You visited 3 branches of the dungeon, and saw 12 of its levels.
You also visited: Ossuary.

You collected 767 gold pieces.
You spent 36 gold pieces at shops.

Inventory:

Hand Weapons
 a - the +8 broad axe "Xiafiymi" (weapon) {vorpal, Int+4}
   (You found it on level 1 of the Lair of Beasts)

   It inflicts extra damage upon your enemies.
   Int:       It affects your intelligence (+4).
 s - a +1 dagger of freezing
 w - a +0 club
 H - a +0 shortbow
 I - a +2 flail of protection
 K - a +2 whip of freezing
 M - a +2 dagger of venom
 P - a +0 hand crossbow
 R - a +2 dagger of draining
 U - a +0 trident of protection
 W - a +3 hand axe
Missiles
 d - 389 stones (quivered)
 h - 36 poisoned darts
 N - 2 silver boomerangs
 T - a throwing net
Armour
 b - a +0 leather armour
 e - a +0 ring mail (worn)
 o - a +0 plate armour
 r - a +1 cloak of stealth (worn)
 y - a +1 pair of boots (worn)
 E - a +0 kite shield
Magical Staves
 m - a staff of cold
Jewellery
 p - a ring of positive energy (left hand)
 u - a ring of see invisible
 v - the amulet of Giogaj (around neck) {RegenMP Rampage Will- Str+4 Int+3}
   (You took it off a goblin on level 2 of the Dungeon)

   [amulet of magic regeneration]

   It increases your rate of magic regeneration.
   Str:       It affects your strength (+4).
   Int:       It affects your intelligence (+3).
   Rampage:   It bestows one free step when moving towards enemies.
   Will:      It decreases your willpower.
 x - a ring of flight (right hand)
 X - an amulet of reflection
Wands
 g - a wand of digging (6)
 C - a wand of acid (9)
 G - a wand of polymorph (4)
 L - a wand of flame (31)
 S - a wand of paralysis (3)
Scrolls
 c - 2 scrolls of fog
 i - 2 scrolls of immolation
 l - 7 scrolls of teleportation
 t - 2 scrolls of magic mapping
 A - 2 scrolls of fear
 Q - a scroll of amnesia
Potions
 f - 3 potions of haste
 j - 9 potions of curing
 n - a potion of lignification
 q - 2 potions of ambrosia
 z - 2 potions of invisibility
 B - a potion of might
 D - a potion of cancellation
 F - 3 potions of flight
 J - a potion of attraction
 O - a potion of brilliance
 V - a potion of berserk rage
 Y - 2 potions of mutation {unknown}


   Skills:
 + Level 9.1 Fighting
 + Level 6.1 Short Blades
 + Level 6.1 Long Blades
 + Level 7.8 Axes
 + Level 6.1 Maces & Flails
 + Level 6.1 Polearms
 + Level 6.1 Staves
 + Level 6.1 Slings
 + Level 6.1 Bows
 + Level 6.1 Crossbows
 + Level 6.1 Throwing
 + Level 6.1 Armour
 + Level 7.8 Dodging
 + Level 11.3 Stealth
 + Level 6.1 Shields
 + Level 6.1 Unarmed Combat
 + Level 6.1 Spellcasting
 + Level 5.1 Conjurations
 + Level 5.1 Hexes
 + Level 5.1 Summonings
 + Level 5.1 Necromancy
 + Level 5.1 Translocations
 + Level 5.1 Transmutations
 + Level 5.1 Fire Magic
 + Level 5.1 Ice Magic
 + Level 5.1 Air Magic
 + Level 5.1 Earth Magic
 + Level 5.1 Poison Magic
 + Level 6.7 Invocations
 + Level 6.1 Evocations


You couldn't memorise any spells.
You knew the following spells:

 Your Spells              Type           Power      Damage    Failure   Level
a - Sandblast             Erth           56%        2d13      1%          1
b - Necrotize             Necr           100%       1d9       1%          1
c - Foxfire               Conj/Fire      100%       2x1d9     1%          1
d - Frozen Ramparts       Ice            56%        1d7       6%          3
e - Slow                  Hex            100%       N/A       1%          1
f - Call Canine Familiar  Summ           28%        N/A       6%          3
g - Ignition              Fire           14%        3d6       100%        8
h - Flame Wave            Conj/Fire      28%        2d8       21%         4

Your spell library contained the following spells:

 Spells                   Type           Power      Damage    Failure   Level
 Apportation              Tloc           56%        N/A       1%          1
 Beastly Appendage        Tmut           56%        N/A       1%          1
 Summon Small Mammal      Summ           100%       N/A       1%          1
 Passwall                 Tmut/Erth      23%        N/A       3%          2
 Wereblood                Tmut           28%        N/A       3%          2
 Confusing Touch          Hex            28%        N/A       6%          3
 Conjure Flame            Conj/Fire      28%        6-21      6%          3
 Inner Flame              Hex/Fire       28%        N/A       6%          3
 Spider Form              Tmut/Pois      28%        N/A       6%          3
 Stone Arrow              Conj/Erth      56%        3d10      6%          3
 Summon Guardian Golem    Hex/Summ       28%        N/A       6%          3
 Vampiric Draining        Necr           28%        2d8       6%          3
 Ice Form                 Ice/Tmut       28%        N/A       21%         4
 Summon Ice Beast         Ice/Summ       28%        N/A       21%         4
 Fireball                 Conj/Fire      14%        3d8       50%         5
 Starburst                Conj/Fire      14%        6d6       97%         6


Dungeon Overview and Level Annotations

Branches:
Dungeon (9/15)             Temple (0/1) D:7            Lair (2/6) D:8
    Orc (1/2) D:9         Ossuary (visited)
  Swamp: Lair:2-4    Shoals: Lair:2-4     Snake: Lair:2-4    Spider: Lair:2-4

Altars:
Ashenzari
Elyvilon
Fedhas
Gozag
Hepliaklqana
Kikubaaqudgha
Nemelex Xobeh
Sif Muna
Uskayaw
Vehumet
Yredelemnul

Shops:
D:1 !   D:5 *

Annotations:
D:4 1 runed translucent door
D:5 3 runed translucent doors, DocClef's ghost, weakling GnDe
Lair:2 Harold; Sonja


Innate Abilities, Weirdness & Mutations

You have very sharp teeth.
Your uncanny sense of smell can sniff out nearby items.
Your experience applies equally to all skills.


Message History

The black mamba closely misses you.
You slash the wyvern!
The wyvern is heavily wounded.
You slash the komodo dragon! You slash the black mamba!
You feel very sick. The black mamba closely misses you.
The wyvern barely misses you. The komodo dragon barely misses you.
The black mamba completely misses you. The wyvern bites you.
The komodo dragon bites you.
You slash the black mamba! Your bite misses the black mamba.
The black mamba is almost dead.
You hit the wyvern but do no damage.
You hit the komodo dragon but do no damage.
You feel very sick. The black mamba bites you! The wyvern barely misses you.
The black mamba completely misses you.
The komodo dragon hisses menacingly.
The komodo dragon closely misses you. The wyvern bites you!
You miss the black mamba. Your punch misses the black mamba.
The black mamba is almost dead.
You slash the wyvern!
You kill the wyvern!
Sif Muna accepts your kill.
You hit the komodo dragon but do no damage.
You feel very sick. The black mamba bites you.
The black mamba bites you but does no damage.
The komodo dragon closely misses you. The black mamba bites you.
Okay, then.
You feel better.
The black mamba bites you but does no damage.
The komodo dragon bites you!
* * * LOW HITPOINT WARNING * * *
You closely miss the black mamba.
The black mamba is almost dead.
You hit the komodo dragon. The black mamba barely misses you.
The black mamba bites you but does no damage.
The komodo dragon bites you!!
* * * LOW HITPOINT WARNING * * *
The black mamba bites you.
You die...

####.....#.###...#..
..... #P.....####...#P#
.P...#####.#...##....###
#..... ##.#...........
#.K..## ##............
.....####........#
##....P#######...##
.###....S.########..P#
......l@....##..##...###
P.............[.........
.....####...............
#... ##..............
##. ##.###.##..#### #
### ####### ∆ ∆


You could see a komodo dragon, a black mamba and Sonja (paralysed).

Vanquished Creatures
  Pikel (D:8)
  An elephant (D:8)
  A cane toad (Lair:1)
  2 komodo dragons (Lair:2)
  A hornet (D:7)
  4 blink frogs (Lair:1)
  6 yaks
  A wyvern (Lair:2)
  A basilisk (Lair:2)
  Menkaure (D:6)
  6 water moccasins
  2 sky beasts
  4 black bears
  2 ice beasts (D:8)
  2 ogres
  A centaur (D:7)
  3 lemures (D:8)
  A phantom (D:6)
  4 kobold brigands
  A gnoll sergeant (D:9)
  2 bullfrogs
  A wyvern zombie (D:6)
  4 necrophages
  4 scorpions
  4 killer bees (D:9)
  2 howler monkeys (D:9)
  2 bullfrog zombies (D:6)
  4 hounds
  2 orc priests (D:8)
  A human skeleton (D:4)
  A gnoll shaman (D:4)
  2 iguanas (D:4)
  6 orc wizards (D:8)
  7 gnolls
  6 adders
  A shadow imp (D:6)
  A white imp (D:7)
  2 ufetubi
  A worm (D:5)
  7 dart slugs
  27 orcs
  8 ball pythons
  5 bats
  6 endoplasms
  7 giant cockroaches
  6 goblins
  6 hobgoblins
  7 jackals
  3 quokkas
  4 frilled lizards
  29 kobolds
  3 rats
216 creatures vanquished.

Vanquished Creatures (collateral kills)
  Maurice (D:9)
  3 yaks
  A basilisk (D:8)
  A kobold brigand (D:9)
  2 kobolds (D:9)
8 creatures vanquished.

Vanquished Creatures (others)
  2 bushes (D:6)
  A butterfly (D:3)
  41 foxfires
  5 fungi
  19 plants
68 creatures vanquished.

Grand Total: 292 creatures vanquished

Notes
Turn   | Place    | Note
-------+----------+-------------------------------------------
     0 | D:5      | Reached skill level 9 in Stealth
     0 | D:5      | croobank the Gnoll Delver began the quest for the Orb.
     0 | D:5      | Reached XP level 1. HP: 23/23 MP: 1/1
    60 | D:5      | Found a sand-covered staircase.
    78 | Ossuary  | Entered an ossuary
   171 | D:5      | Reached XP level 2. HP: 25/29 MP: 2/2
   202 | D:4      | Noticed a black bear
   545 | D:1      | Found Laczar's Distillery.
   577 | D:1      | Bought a potion of degeneration for 12 gold pieces
   618 | D:1      | Reached XP level 3. HP: 35/35 MP: 3/3
   667 | D:1      | Learned a level 1 spell: Sandblast
   893 | D:1      | Reached skill level 1 in Invocations
  1505 | D:2      | Identified the amulet of Giogaj {RegenMP Rampage Will-
                  | Str+4 Int+3}
  1518 | D:2      | Reached skill level 1 in Short Blades
  1518 | D:2      | Reached skill level 1 in Long Blades
  1518 | D:2      | Reached skill level 1 in Maces & Flails
  1518 | D:2      | Reached skill level 1 in Polearms
  1518 | D:2      | Reached skill level 1 in Staves
  1518 | D:2      | Reached skill level 1 in Slings
  1518 | D:2      | Reached skill level 1 in Bows
  1518 | D:2      | Reached skill level 1 in Crossbows
  1518 | D:2      | Reached skill level 1 in Throwing
  1518 | D:2      | Reached skill level 1 in Armour
  1518 | D:2      | Reached skill level 1 in Shields
  1518 | D:2      | Reached skill level 1 in Unarmed Combat
  1518 | D:2      | Reached skill level 1 in Spellcasting
  1518 | D:2      | Reached skill level 1 in Evocations
  1626 | D:2      | Found a faded altar of an unknown god.
  1626 | D:2      | Noticed a golden eye
  1752 | D:2      | Noticed a shining eye
  1759 | D:2      | Noticed an eye of devastation
  1759 | D:2      | Noticed a golden eye
  1799 | D:2      | Reached XP level 4. HP: 40/41 MP: 5/5
  2364 | D:3      | Reached skill level 1 in Conjurations
  2364 | D:3      | Reached skill level 1 in Hexes
  2364 | D:3      | Reached skill level 1 in Summonings
  2364 | D:3      | Reached skill level 1 in Necromancy
  2364 | D:3      | Reached skill level 1 in Translocations
  2364 | D:3      | Reached skill level 1 in Transmutations
  2364 | D:3      | Reached skill level 1 in Fire Magic
  2364 | D:3      | Reached skill level 1 in Ice Magic
  2364 | D:3      | Reached skill level 1 in Air Magic
  2364 | D:3      | Reached skill level 1 in Earth Magic
  2364 | D:3      | Reached skill level 1 in Poison Magic
  2514 | D:3      | Found a white marble altar of Elyvilon.
  2791 | D:3      | Found a shimmering blue altar of Sif Muna.
  2894 | D:3      | Found a radiant altar of Vehumet.
  2958 | D:3      | Became a worshipper of Sif Muna the Loreminder
  3257 | D:4      | Found an ancient bone altar of Kikubaaqudgha.
  3273 | D:4      | Reached XP level 5. HP: 47/47 MP: 6/6
  3282 | D:4      | Found a hide-covered altar of Uskayaw.
  3293 | D:4      | Learned a level 1 spell: Necrotize
  3347 | D:4      | Noticed a human
  3478 | D:4      | Found a runed translucent door.
  3484 | D:4      | Found a basalt altar of Yredelemnul.
  3561 | D:4      | Killed a black bear
  3562 | D:4      | Reached skill level 5 in Axes
  3562 | D:4      | Reached skill level 5 in Dodging
  3562 | D:4      | Reached XP level 6. HP: 22/53 MP: 8/8
  4097 | D:4      | Reached XP level 7. HP: 23/59 MP: 10/10
  4809 | D:4      | Reached skill level 10 in Stealth
  5215 | D:5      | Found Luleviq's General Store.
  5224 | D:5      | Bought a scroll of identify for 24 gold pieces
  5233 | D:5      | Reached * piety under Sif Muna
  5318 | D:5      | Reached XP level 8. HP: 67/67 MP: 12/12
  5324 | D:5      | Learned a level 1 spell: Foxfire
  5395 | D:5      | Found a runed translucent gate.
  5396 | D:5      | Found a runed translucent gate.
  5398 | D:5      | Found a runed translucent gate.
  5409 | D:5      | Learned a level 3 spell: Frozen Ramparts
  5426 | D:5      | Noticed DocClef's ghost (weakling GnDe)
  5754 | D:6      | Noticed Menkaure
  5768 | D:6      | Killed Menkaure
  6012 | D:6      | Found a blossoming altar of Fedhas.
  6791 | D:6      | Learned a level 1 spell: Slow
  6978 | D:7      | Found a staircase to the Ecumenical Temple.
  7016 | D:7      | Reached XP level 9. HP: 55/72 MP: 14/14
  7357 | D:6      | Reached ** piety under Sif Muna
  7733 | D:7      | Noticed a hornet
  7739 | D:7      | Killed a hornet
  8539 | D:8      | Noticed Pikel
  8540 | D:8      | Learned a level 3 spell: Call Canine Familiar
  8557 | D:8      | Killed Pikel
  8558 | D:8      | Reached skill level 5 in Invocations
  8820 | D:8      | Found a staircase to the Lair.
  8821 | D:8      | Noticed an elephant
  8837 | D:8      | Reached XP level 10. HP: 76/80 MP: 10/17
  8856 | D:8      | Killed an elephant
  8857 | D:8      | Reached skill level 5 in Short Blades
  8857 | D:8      | Reached skill level 5 in Long Blades
  8857 | D:8      | Reached skill level 5 in Maces & Flails
  8857 | D:8      | Reached skill level 5 in Polearms
  8857 | D:8      | Reached skill level 5 in Staves
  8857 | D:8      | Reached skill level 5 in Slings
  8857 | D:8      | Reached skill level 5 in Bows
  8857 | D:8      | Reached skill level 5 in Crossbows
  8857 | D:8      | Reached skill level 5 in Throwing
  8857 | D:8      | Reached skill level 5 in Armour
  8857 | D:8      | Reached skill level 5 in Shields
  8857 | D:8      | Reached skill level 5 in Unarmed Combat
  8857 | D:8      | Reached skill level 5 in Spellcasting
  8857 | D:8      | Reached skill level 5 in Evocations
  9663 | D:8      | Found a hazy altar of Hepliaklqana.
 10375 | D:8      | Reached skill level 11 in Stealth
 10722 | D:9      | Found a broken altar of Ashenzari.
 10752 | D:9      | Found an opulent altar of Gozag.
 10808 | D:9      | Noticed Maurice
 10968 | D:9      | Reached *** piety under Sif Muna
 11220 | D:9      | Found a staircase to the Orcish Mines.
 11247 | D:9      | Noticed a four-headed hydra
 11253 | Orc:1    | Entered Level 1 of the Orcish Mines
 11334 | D:9      | Found a sparkling altar of Nemelex Xobeh.
 11454 | D:9      | Killed Maurice
 11736 | D:9      | Noticed a molten gargoyle
 11802 | Lair:1   | Entered Level 1 of the Lair of Beasts
 12253 | Lair:1   | Reached XP level 11. HP: 85/87 MP: 17/19
 12583 | Lair:1   | Identified the +8 broad axe "Xiafiymi" {vorpal, Int+4}
 12698 | Lair:1   | Reached skill level 5 in Conjurations
 12698 | Lair:1   | Reached skill level 5 in Hexes
 12698 | Lair:1   | Reached skill level 5 in Summonings
 12698 | Lair:1   | Reached skill level 5 in Necromancy
 12698 | Lair:1   | Reached skill level 5 in Translocations
 12698 | Lair:1   | Reached skill level 5 in Transmutations
 12698 | Lair:1   | Reached skill level 5 in Fire Magic
 12698 | Lair:1   | Reached skill level 5 in Ice Magic
 12698 | Lair:1   | Reached skill level 5 in Air Magic
 12698 | Lair:1   | Reached skill level 5 in Earth Magic
 12698 | Lair:1   | Reached skill level 5 in Poison Magic
 13234 | Lair:2   | Noticed a six-headed hydra
 13255 | Lair:1   | Learned a level 8 spell: Ignition
 13260 | Lair:1   | Learned a level 4 spell: Flame Wave
 13411 | Lair:2   | Noticed a seven-headed hydra
 13445 | Lair:2   | Noticed Harold
 13457 | Lair:2   | Noticed Sonja
 13458 | Lair:2   | Upgraded the game from 0.29-a0-512-gf59ac788ac to
                  | 0.29-a0-520-gc852659d43
 13466 | Lair:2   | Slain by a black mamba

Illustrated notes

Levels and vault maps discovered:
D:1:      saegor_arrival_simple_b, layout_loops_ring, serial_shops,
          nicolae_shop_trees
D:2:      layout_loops_ring, hellmonk_ecumenical_altar_watching_god
D:3:      layout_loops_ring, mainiacjoe_overflow_paths,
          nicolae_elyvilon_peaceful_grove, mainiacjoe_overflow_six_doors_small,
          minmay_pentangle
D:4:      kennysheep_six_static_rooms, layout_loops_corners,
          mainiacjoe_overflow_small_starburst, kiku_gazebo_pond_becter,
          dk_yredelemnul_ordeal, roderic_st_hans_cross
D:5:      layout_basic, chequers_ossuary_entry_cave, serial_shops, shop,
          cheibrodos_sewer_entry_sluice, gammafunk_ghost_icy, amethyst_killhole
D:6:      layout_rooms, fedhas_altar_decomposition, uniq_menkaure
D:7:      layout_loops_ring, minmay_temple_entry_statues
D:8:      wad_pebble_path, layout_loops_corners, lemuel_round_altar,
          david_lair_generic, uniq_pikel
D:9:      layout_irregular_city, nemelex_spade_bored_becter, led_xom_imps,
          grunt_gozag_breadcrumbs, mainiacjoe_overflow_boulevard, orc_0_dummy,
          serial_column_ruins, column_ruins_hut_pillars,
          column_ruins_courtyard_long, column_ruins_open_medium,
          column_ruins_open_small_water, column_ruins_open_tiny,
          column_ruins_columns_T, column_ruins_open_small, minivault_8,
          uniq_maurice
Lair:1:   layout_layer_cave, nicolae_quartered_pool_little,
          hangedman_lair_unloving_vines
Lair:2:   layout_concentric_octagons, uniq_harold, uniq_sonja
Orc:1:    layout_caves, nicolae_orc_rockfall, minmay_orc_temple_a

Skill      XL: |  1  2  3  4  5  6  7  8  9 10 11 |
---------------+----------------------------------+-----
Stealth        | 10 11 | 11.3
Invocations    | 1 2 3 4 5 6 |  6.7
Short Blades   | 1 2 3 4 5 6 |  6.1
Long Blades    | 1 2 3 4 5 6 |  6.1
Maces & Flails | 1 2 3 4 5 6 |  6.1
Polearms       | 1 2 3 4 5 6 |  6.1
Staves         | 1 2 3 4 5 6 |  6.1
Slings         | 1 2 3 4 5 6 |  6.1
Bows           | 1 2 3 4 5 6 |  6.1
Crossbows      | 1 2 3 4 5 6 |  6.1
Throwing       | 1 2 3 4 5 6 |  6.1
Armour         | 1 2 3 4 5 6 |  6.1
Shields        | 1 2 3 4 5 6 |  6.1
Unarmed Combat | 1 2 3 4 5 6 |  6.1
Spellcasting   | 1 2 3 4 5 6 |  6.1
Evocations     | 1 2 3 4 5 6 |  6.1
Conjurations   | 1 2 3 4 5 |  5.1
Hexes          | 1 2 3 4 5 |  5.1
Summonings     | 1 2 3 4 5 |  5.1
Necromancy     | 1 2 3 4 5 |  5.1
Translocations | 1 2 3 4 5 |  5.1
Transmutations | 1 2 3 4 5 |  5.1
Fire Magic     | 1 2 3 4 5 |  5.1
Ice Magic      | 1 2 3 4 5 |  5.1
Air Magic      | 1 2 3 4 5 |  5.1
Earth Magic    | 1 2 3 4 5 |  5.1
Poison Magic   | 1 2 3 4 5 |  5.1
Axes           | 5 6 7 |  7.8
Dodging        | 5 6 7 |  7.8
Fighting       | 7 8 9 |  9.1

Action                   |  1- 3 |  4- 6 |  7- 9 | 10-12 || total
-------------------------+-------+-------+-------+-------++-------
Melee: Hand axe          |    76 |   158 |   255 |   110 ||   599
       Punch             |     1 |     3 |     6 |     5 ||    15
       Dagger            |    17 |    54 |    88 |   106 ||   265
       Bite              |     3 |    11 |    43 |    31 ||    88
       Broad axe         |       |       |       |    23 ||    23
Throw: Throwing net      |       |       |     1 |       ||     1
 Cast: Sandblast         |     1 |     5 |       |     1 ||     7
       Necrotize         |       |     1 |     2 |     1 ||     4
       Foxfire           |       |       |    11 |    15 ||    26
       Slow              |       |       |    26 |    37 ||    63
       Frozen Ramparts   |       |       |     8 |    16 ||    24
       Call Canine Famil |       |       |     1 |     5 ||     6
Evoke: Wand              |       |       |       |     2 ||     2
  Use: Scroll            |     7 |     6 |     8 |     7 ||    28
       Potion            |     2 |     4 |     6 |     4 ||    16
 Stab: Sleeping          |    12 |     7 |    20 |     8 ||    47
       Distracted        |       |     3 |       |       ||     3
       Invisible         |       |     8 |       |       ||     8
Armor: Leather armour    |    15 |    26 |       |       ||    41
       Ring mail         |       |    28 |   104 |    70 ||   202
       Skin              |       |       |    23 |       ||    23
Dodge: Dodged            |    41 |   130 |   162 |   158 ||   491

Table legend: (Time is in decaauts)
 A = Elapsed time spent in this place.
 B = Non-inter-level travel time spent in this place.
 C = Inter-level travel time spent in this place.
 D = Time resting spent in this place.
 E = Time spent auto-exploring this place.
 F = Levels seen in this place.
 G = Mean time per level.
                   A        B        C        D        E       F      G
               +--------+--------+--------+--------+--------+-----+--------+
         Total |  13398 |  13057 |    341 |   2593 |   7728 |  13 | 1030.6 |
       Dungeon |  11669 |  11418 |    251 |   2324 |   6739 |   9 | 1296.6 |
          Lair |   1656 |   1567 |     89 |    269 |    989 |   2 |  828.0 |
  Orcish Mines |      2 |      2 |      0 |      0 |      0 |   1 |    2.0 |
       Ossuary |     68 |     68 |      0 |      0 |      0 |   1 |   68.0 |
               +--------+--------+--------+--------+--------+-----+--------+

Top non-repeatable levels by time:
     D:8: 2424 daAuts
     D:4: 1928 daAuts
     D:6: 1567 daAuts
  Lair:1: 1471 daAuts
     D:3: 1333 daAuts
     D:7: 1087 daAuts
     D:1: 990 daAuts
     D:9: 947 daAuts
     D:5: 777 daAuts
     D:2: 613 daAuts
  Lair:2: 185 daAuts
 Ossuary: 68 daAuts
   Orc:1: 2 daAuts
